 Dungeon Crawl Stone Soup version 0.27.1-34-g3ba077fa99 (webtiles) character file.

Game seed: 5378598634638561141

96 KamiKatze the Shield-Bearer (level 4, -4/28 HPs)
             Began as a Gargoyle Fighter on Jan 11, 2022.
             Slain by Terence (5 damage)
             ... on level 3 of the Dungeon.
             The game lasted 00:07:10 (1470 turns).

KamiKatze the Shield-Bearer (Gargoyle Fighter)      Turns: 1470, Time: 00:07:11

Health: -4/28      AC: 10    Str: 21    XL:     4   Next: 67%
Magic:  4/4        EV:  7    Int:  8    God:
Gold:   126        SH:  9    Dex:  9    Spells: 3/3 levels left

rFire    + . .     SeeInvis .   a - +2 hand axe (vorpal)
rCold    + . .     Faith    .   c - +0 kite shield
rNeg     + + .     Spirit   .   s - +0 scale mail
rPois    ∞         Reflect  .   (no helmet)
rElec    +         Harm     .   (no cloak)
rCorr    +         Rampage  .   (no gloves)
Will     .....                  (no boots)
Stlth    ..........             (no amulet)
HPRegen  0.09/turn              f - ring of positive energy
MPRegen  0.09/turn              (no ring)

@: resistant
A: sickness immunity, AC +3, negative energy resistance 1, electricity
resistance, torment resistance 1, petrification resistance
a: no special abilities


You were on level 3 of the Dungeon.
You visited 1 branch of the dungeon, and saw 3 of its levels.

You collected 126 gold pieces.

Inventory:

Hand Weapons
 a - a +2 vorpal hand axe (weapon)
 b - a +0 war axe
 q - a +2 antimagic hand axe
 w - a +0 morningstar
Missiles
 g - 40 stones (quivered)
 k - a throwing net
Armour
 c - a +0 kite shield (worn)
 j - a +0 ring mail
 s - a +0 scale mail (worn)
 t - a +0 chain mail
Jewellery
 f - a ring of positive energy (left hand)
Scrolls
 e - 2 scrolls of enchant weapon {unknown}
 h - 3 scrolls of magic mapping {unknown}
 i - a scroll of identify {unknown}
 m - a scroll of enchant armour {unknown}
 n - a scroll of fear {unknown}
 r - a scroll of noise {unknown}
 u - a scroll of teleportation {unknown}
Potions
 d - a potion of might
 o - a potion of brilliance {unknown}
 p - a potion of degeneration {unknown}


   Skills:
 - Level 3.2 Fighting
 * Level 3.6 Axes
 - Level 3.2 Armour
 + Level 4.2 Shields


You had 3 spell levels left.
You didn't know any spells.
Your spell library contained the following spells:

 Spells                   Type           Power      Damage    Failure   Level
 Gell's Gravitas          Tloc           0%         N/A       100%        3
 Lesser Beckoning         Tloc           0%         N/A       100%        3
 Teleport Other           Tloc           0%         N/A       100%        3


Dungeon Overview and Level Annotations

Branches:
Dungeon (3/15)

Altars:
Xom

Annotations:
D:3 Terence


Innate Abilities, Weirdness & Mutations

You are immune to sickness and miasma.
Your stone body is resilient. (AC +3)
You are immune to poison.
You resist negative energy. (rN+)
You are resistant to electric shocks. (rElec)
You are resistant to unholy torment.
You are immune to petrification.


Message History

Terence screams, "I want your blood!" You block Terence's attack.
You completely miss Terence.
Terence is moderately wounded.
Terence hits you with a +0 flail of draining. x2
* * * LOW HITPOINT WARNING * * *
You closely miss Terence.
Terence is moderately wounded.
Terence hits you but does no damage.
You hit Terence.
Terence is heavily wounded.
Terence closely misses you. You block Terence's attack.
You hit Terence.
Terence is heavily wounded.
Terence hits you with a +0 flail of draining.
* * * LOW HITPOINT WARNING * * *
You hit Terence but do no damage.
Terence is heavily wounded.
You block Terence's attack.
Your shield prevents you from hitting Terence.
Terence is heavily wounded.
You block Terence's attack.
Terence hits you with a +0 flail of draining!
* * * LOW HITPOINT WARNING * * *
You hit Terence but do no damage.
Terence is heavily wounded.
Terence says, "Don't bother to defend, it's useless."
Terence hits you but does no damage.
You hit Terence.
Terence is almost dead.
Terence hits you with a +0 flail of draining.
* * * LOW HITPOINT WARNING * * *
You hit Terence but do no damage.
Terence is almost dead.
Terence barely misses you.
Terence drinks a potion.
Terence is healed!
Unknown command.
It was a potion of resistance.
You feel protected.
Terence hits you with a +0 flail of draining.
You die...

#........#.....
#........#.....
#.......##.....
#####.............(
#..##..............
#..##.......##....
###.##...##.## ####
#.@....####..#
#.#@†### ##...
#.......#....# ...#
#..@....#.##.# .#.#
..#..#..#..#.#
##.##.##††...... .
....#.####.. . ....
.. .. .... ... ....
....


You could see Terence.

Vanquished Creatures
  4 adders
  A worm (D:2)
  3 dart slugs
  3 orcs
  5 bats
  5 endoplasms
  A giant cockroach (D:1)
  2 goblins (D:1)
  4 hobgoblins
  5 jackals
  4 kobolds
  4 quokkas
  6 ball pythons
  2 frilled lizards (D:1)
  7 rats
56 creatures vanquished.

Vanquished Creatures (others)
  An adder (D:3)
  An orc (D:3)
  A frilled lizard (D:3)
3 creatures vanquished.

Grand Total: 59 creatures vanquished

Notes
Turn   | Place    | Note
-------+----------+-------------------------------------------
     0 | D:1      | KamiKatze the Gargoyle Fighter began the quest for the Orb.
     0 | D:1      | Reached XP level 1. HP: 14/14 MP: 1/1
   124 | D:1      | Reached XP level 2. HP: 19/19 MP: 2/2
   268 | D:1      | Found a faded altar of an unknown god.
   354 | D:1      | Reached XP level 3. HP: 22/23 MP: 3/3
  1058 | D:2      | Reached skill level 4 in Shields
  1058 | D:2      | Reached XP level 4. HP: 27/28 MP: 4/4
  1404 | D:3      | Found a shimmering altar of Xom.
  1443 | D:3      | Noticed Terence
  1468 | D:3      | HP: 1/28 [Terence (2)]
  1470 | D:3      | Slain by Terence

Illustrated notes

Levels and vault maps discovered:
D:1:      psy_arrival_dodecagon, layout_loops_ring,
          shapermc_ecumenical_altar_starsandcircs, minmay_circled_x
D:2:      layout_rooms, minmay_misc_feat_enclosed
D:3:      layout_rooms, lemuel_round_altar, xom_confusion_cloud, uniq_ijyb,
          uniq_terence

Skill      XL: |  1  2  3 |
---------------+----------+-----
Axes           | 2 3 |  3.6
Shields        | 4 |  4.2
Fighting       | |  3.2
Armour         | |  3.2

Action                   |  1- 3 |  4- 6 || total
-------------------------+-------+-------++-------
Melee: War axe           |    95 |    26 ||   121
       Hand axe          |       |    43 ||    43
Throw: Stone             |     2 |       ||     2
  Use: Potion            |       |     1 ||     1
Armor: Scale mail        |    38 |    31 ||    69
Dodge: Dodged            |    38 |    19 ||    57
Block: Kite shield       |    44 |    43 ||    87
